 Dungeon Crawl Stone Soup version 0.28.0-53-g5a82cb258f (webtiles) character file.

Game seed: 457978861152416479

160 miket3c the Chopper (level 5, 0/47 HPs)
             Began as a Hill Orc Fighter on July 31, 2022.
             Slain by Grinder (3 damage)
             ... on level 3 of the Dungeon.
             The game lasted 00:02:32 (2347 turns).

miket3c the Chopper (Hill Orc Fighter)              Turns: 2347, Time: 00:02:32

Health: 0/47       AC:  8    Str: 21    XL:     5   Next: 41%
Magic:  5/5        EV:  9    Int:  8    God:
Gold:   93         SH:  4    Dex: 10    Spells: 4/4 levels left

rFire   . . .      SeeInvis +   a - +0 war axe
rCold   . . .      Faith    .   c - +0 buckler
rNeg    . . .      Spirit   .   b - +0 scale mail
rPois   .          Reflect  .   (no helmet)
rElec   .          Harm     .   (no cloak)
rCorr   .          Rampage  .   (no gloves)
Will    .....                   d - +0 pair of boots
Stlth   ..........              (no amulet)
HPRegen 0.15/turn               e - ring of see invisible
MPRegen 0.09/turn               (no ring)

@: no status effects
A: no striking features
a: no special abilities


You were on level 3 of the Dungeon.
You visited 1 branch of the dungeon, and saw 3 of its levels.

You collected 93 gold pieces.

Inventory:

Hand Weapons
 a - a +0 war axe (weapon)
Armour
 b - a +0 scale mail (worn)
 c - a +0 buckler (worn)
 d - a +0 pair of boots (worn)
Jewellery
 e - a ring of see invisible (left hand)
Scrolls
 g - a scroll of immolation {unknown}
 i - 2 scrolls of fog {unknown}
Potions
 f - a potion of heal wounds {unknown}
 h - 2 potions of flight {unknown}
 j - 2 potions of curing {unknown}


   Skills:
 + Level 4.5 Fighting
 * Level 5.0 Axes
 + Level 4.1 Armour
 + Level 4.1 Shields


You had 4 spell levels left.
You didn't know any spells.
Your spell library contained the following spells:

 Spells                   Type           Power      Damage    Failure   Level
 Pain                     Necr           0%         1d4       83%         1
 Agony                    Necr           0%         N/A       100%        5
 Excruciating Wounds      Necr           0%         N/A       100%        5


Dungeon Overview and Level Annotations

Branches:
Dungeon (3/15)

Altars:
Yredelemnul

Shops:
D:2 [

Annotations:
D:3 Grinder


Message History

Grinder is nearby!
Grinder is nearby!
Found a stone staircase leading up.
You barely miss Grinder. Grinder closely misses you.
You hit Grinder but do no damage. Grinder hits you.
You writhe in agony.
You hit Grinder but do no damage. Grinder gestures at you.
You barely resist. You closely miss Grinder. Grinder hits you.
Grinder gestures at you.
You barely resist. You barely miss Grinder. Grinder gestures at you.
You resist with significant effort.
You hit Grinder.
Grinder is lightly wounded.
Grinder hits you but does no damage.
You closely miss Grinder.
Grinder is lightly wounded.
Grinder hits you.
You writhe in agony.
Grinder hits you.
You writhe in agony.
You slash Grinder!
Grinder is moderately wounded.
Grinder hits you but does no damage.
You hit Grinder but do no damage.
Grinder is moderately wounded.
Grinder hits you.
* * * LOW HITPOINT WARNING * * *
You hit Grinder.
Grinder is moderately wounded.
Grinder gestures at you. You resist with significant effort.
You barely miss Grinder.
Grinder is moderately wounded.
Grinder gestures at you. Pain shoots through your body!
* * * LOW HITPOINT WARNING * * *
Grinder hits you!
* * * LOW HITPOINT WARNING * * *
You writhe in agony.
You die...

# #.....# #....†...#
###.###.###..#####.##
.##.# #......# ...
....# ###.##.# ..#
.###### #.##.# ..#
###.... . .#.# ..#
......... #.####..#
###.### #......#
....# #####@## #####
##5# # ... . ...# ##
...# ...# ...# #<.#


You could see Grinder.

Vanquished Creatures
  A bullfrog skeleton (D:3)
  Terence (D:2)
  4 gnolls
  An adder (D:3)
  3 worms
  2 dart slugs
  2 orcs (D:3)
  3 ball pythons
  6 endoplasms
  4 goblins
  6 hobgoblins
  5 kobolds
  A quokka (D:1)
  A bat (D:2)
  3 frilled lizards
  3 rats
46 creatures vanquished.

Notes
Turn   | Place    | Note
-------+----------+-------------------------------------------
     0 | D:1      | miket3c the Hill Orc Fighter began the quest for the Orb.
     0 | D:1      | Reached XP level 1. HP: 19/19 MP: 1/1
   327 | D:1      | Reached skill level 3 in Axes
   422 | D:1      | Reached XP level 2. HP: 27/27 MP: 2/2
   718 | D:2      | Found Masac's Armour Emporium.
   813 | D:2      | Reached XP level 3. HP: 28/33 MP: 3/3
  1182 | D:2      | Noticed Terence
  1196 | D:2      | Killed Terence
  1197 | D:2      | Reached skill level 4 in Axes
  1456 | D:2      | Reached XP level 4. HP: 40/40 MP: 4/4
  1539 | D:2      | Found a basalt altar of Yredelemnul.
  2131 | D:3      | Reached XP level 5. HP: 47/47 MP: 5/5
  2240 | D:3      | Reached skill level 5 in Axes
  2334 | D:3      | Noticed Grinder
  2347 | D:3      | Slain by Grinder

Illustrated notes

Levels and vault maps discovered:
D:1:      dpeg_arrival_tiny_c, layout_rooms, solitary_fountain,
          hangedman_decor_lopped
D:2:      layout_rooms, serial_shops, nicolae_shop_advertising_works
          [nicolae_subvault_shop_adworks], basic_altar, uniq_terence
D:3:      layout_loops_ring, shapermc_ecumenical_altar_flowoftime,
          hangedman_abyss_or_decor_lesser_grid, uniq_grinder

Skill      XL: |  1  2  3  4  5 |
---------------+----------------+-----
Axes           | 3 4 5 |  5.0
Fighting       | 4 |  4.5
Armour         | 4 |  4.1
Shields        | 4 |  4.1

Action                   |  1- 3 |  4- 6 || total
-------------------------+-------+-------++-------
Melee: War axe           |    74 |    81 ||   155
  Use: Potion            |     1 |     1 ||     2
Armor: Scale mail        |    25 |    31 ||    56
Dodge: Dodged            |    30 |    32 ||    62
Block: Buckler           |    18 |    17 ||    35
